 Dungeon Crawl Stone Soup version 0.29-a0-892-g2c4c91d9db (webtiles) character file.

Game seed: 5793515728538428759

15661 Pooter the Severer (level 12, -5/105 HPs)
             Began as a Minotaur Fighter on July 22, 2022.
             Was a Priest of Makhleb.
             Slain by an orc knight
             ... wielding a +0 halberd
              (39 damage)
             ... in a bailey.
             The game lasted 01:11:48 (12821 turns).

Pooter the Severer (Minotaur Fighter)              Turns: 12821, Time: 01:11:48

Health: -5/105     AC: 14    Str: 22    XL:     12   Next: 3%
Magic:  14/14      EV:  6    Int:  5    God:    Makhleb [***...]
Gold:   608        SH:  5    Dex: 20    Spells: 11/11 levels left

rFire   + . .      SeeInvis .   a - +3 executioner's axe (vorpal)
rCold   x . .      Faith    .   (shield currently unavailable)
rNeg    . . .      Spirit   .   K - +0 plate armour
rPois   .          Reflect  +   (helmet restricted)
rElec   +          Harm     .   (no cloak)
rCorr   +          Rampage  .   k - +0 pair of gloves
Will    .....                   G - +1 pair of boots "Veapluts" {rElec rCorr}
Stlth   ..........              n - amulet of reflection
HPRegen 0.27/turn               N - +6 ring of dexterity
MPRegen 0.14/turn               L - ring of fire

@: no status effects
A: horns 2, retaliatory headbutt
a: Renounce Religion, Minor Destruction, Lesser Servant of Makhleb


You were in a bailey.
You worshipped Makhleb.
Makhleb was most pleased with you.
You visited 2 branches of the dungeon, and saw 11 of its levels.
You also visited: Sewer and Bailey.

You collected 634 gold pieces.
You spent 26 gold pieces at shops.

Inventory:

Hand Weapons
 a - a +3 vorpal executioner's axe (weapon)
   (You found it on level 6 of the Dungeon)
 b - a +3 arbalest
   (You took it off an orc in a bailey)
 i - a +3 dire flail of freezing
   (You took it off a wight on level 10 of the Dungeon)
 q - a +0 trident
   (You took it off Terence on level 3 of the Dungeon)
 F - a +0 war axe
 H - a -3 morningstar
   (You found it on level 6 of the Dungeon)
Missiles
 B - 14 poisoned darts (quivered)
 C - 3 boomerangs
 E - 5 atropa-tipped darts
 Q - 81 stones
Armour
 c - a +0 buckler
 g - the +3 leather armour of Pegumef {Rampage}
   (You found it on level 2 of the Dungeon)

   Rampage:   It bestows one free step when moving towards enemies.
 k - a +0 pair of gloves (worn)
   (You found it on level 1 of the Dungeon)
 G - the +1 pair of boots "Veapluts" (worn) {rElec rCorr}
   (You found it on level 3 of the Dungeon)

   rElec:     It insulates you from electricity.
   rCorr:     It protects you from acid and corrosion.
 J - an orb of light
   (You found it on level 9 of the Dungeon)
 K - a +0 plate armour (worn)
   (You found it on level 6 of the Dungeon)
Jewellery
 n - an amulet of reflection (around neck)
   (You found it on level 1 of the Dungeon)
 I - a ring of protection from cold
   (You found it on level 9 of the Dungeon)
 L - a ring of fire (right hand)
   (You found it on level 7 of the Dungeon)
 M - a ring of willpower
   (You took it off an orc on level 8 of the Dungeon)
 N - a +6 ring of dexterity (left hand)
   (You found it on level 2 of the Dungeon)
 P - a ring of poison resistance
   (You took it off an orc on level 10 of the Dungeon)
Wands
 d - a wand of iceblast (13)
   (You took it off an orc priest on level 5 of the Dungeon)
 f - a wand of flame (63)
   (You took it off Ijyb on level 3 of the Dungeon)
 u - a wand of paralysis (4)
   (You found it on level 6 of the Dungeon)
Scrolls
 e - a scroll of fog
 p - a scroll of silence
 t - 5 scrolls of teleportation {@r4}
 v - 2 scrolls of poison {!r}
 w - a scroll of blinking
 x - 3 scrolls of immolation {!r}
 y - a scroll of torment {!r}
 A - 2 scrolls of magic mapping
 D - a scroll of brand weapon
Potions
 h - 3 potions of ambrosia
 l - 2 potions of attraction {!q}
 m - a potion of brilliance {unknown}
 o - a potion of cancellation {unknown}
 r - 4 potions of curing {@q1}
 s - 6 potions of flight
 z - a potion of magic {unknown}


   Skills:
 + Level 9.5 Fighting
 * Level 16.0 Axes
 + Level 9.9 Ranged Weapons
 - Level 3.6 Armour
 - Level 3.6 Shields
 + Level 5.0 Invocations
 - Level 4.1 Evocations


You had 11 spell levels left.
You didn't know any spells.
Your spell library contained the following spells:

 Spells                   Type           Power      Damage    Failure   Level
 Beastly Appendage        Tmut           0%         N/A       100%        1
 Freeze                   Ice            0%         1d3       100%        1
 Necrotise                Necr           0%         1d4       100%        1
 Slow                     Hex            0%         N/A       100%        1
 Wereblood                Tmut           0%         N/A       100%        2
 Confusing Touch          Hex            0%         N/A       100%        3
 Frozen Ramparts          Ice            0%         1d2       100%        3
 Spider Form              Tmut/Pois      0%         N/A       100%        3
 Vampiric Draining        Necr           0%         2d6       100%        3
 Hailstorm                Conj/Ice       0%         3d3       100%        4
 Agony                    Necr           0%         N/A       100%        5


Dungeon Overview and Level Annotations

Branches:
Dungeon (10/15)            Temple (1/1) D:4           Sewer (visited)
 Bailey (1/1)
   Lair: D:8-11         Orc: D:9-12

Altars:
Ashenzari
Cheibriados
Dithmenos
Elyvilon
Fedhas
Gozag
Hepliaklqana
Kikubaaqudgha
Makhleb
Nemelex Xobeh
Okawaru
Qazlal
Ru
Sif Muna
Trog
Uskayaw
Vehumet
Wu Jian
Xom
Yredelemnul
Zin
The Shining One

Shops:
D:4 =   D:6 *

Annotations:
D:4 Duvessa


Innate Abilities, Weirdness & Mutations

You have a pair of horns on your head.
You reflexively headbutt those who attack you in melee.


Message History

You start resting.
You can no longer hurl Makhleb's greater destruction.
There is an open door here.
You enter the shallow water.
Moving in this stuff is going to be slow.
You open the gate.
Found a potion of experience.
Found two gates leading back out of this place.
There is an open gate here.
j - a potion of experience You feel more experienced!
Your Axes skill gained 4 levels and is now at level 16!
You have reached level 12!
You feel agile.
Your movement speed is average.
Your attack delay is about 1.1.
Your base attributes are Str 22, Int 5, Dex 14.
Unknown command.
Unknown command.
You're wearing all the rings you can.
Remove which one? (? for menu, Esc to cancel) < or
N - a +6 ring of dexterity; > or
M - a ring of willpower You remove your ring of willpower.
You feel more attuned to fire.
L - a ring of fire (right hand)
Okay, then.
As you open the door, it creaks loudly! 2 orc knights come into view.
The orc knight shouts!
Found a ring of ice and a faintly glowing copper amulet.
Found a roughly hewn altar of Beogh.
Really read
x - 4 scrolls of immolation {!r}?
Really read the scroll of immolation?
As you read the scroll of immolation {!r}, it crumbles to dust.
The creatures around you are filled with an inner flame!
The orc knight roars a battlecry!
The orc knight goes into a battle-frenzy!
The orc knight roars a battlecry!
The orc knight goes into a battle-frenzy!
You block the orc knight's attack.
The orc knight hits you with a +0 halberd!!
There is an open door, spattered with blood here.
You barely miss the orc knight.
The orc knight hits you from afar with a +0 trident!!
* * * LOW HITPOINT WARNING * * *
The orc knight barely misses you.
You barely miss the orc knight. Your headbutt misses the orc knight.
The orc knight hits you from afar with a +0 trident!
* * * LOW HITPOINT WARNING * * *
The orc knight hits you with a +0 halberd!!!
You die...

..≈≈≈)≈≈≈≈≈≈######### ≈≈≈≈≈..
..≈≈[≈≈≈≈≈≈##≈≈≈≈≈≈≈## ≈≈≈≈≈..
..≈≈≈≈≈≈≈≈##≈≈#'#'#≈≈## ≈≈≈≈≈..
..≈≈≈≈≈≈≈≈#≈≈##)#)##≈≈# ≈≈≈≈≈..
..≈≈≈≈≈≈≈##≈#########≈# ≈≈≈≈≈..
..≈≈≈≈≈≈≈##≈')#".=#)'≈# ≈≈≈≈≈..
..)≈≈≈≈≈≈##≈###.o.###≈# ≈≈≈≈≈..
.)≈≈≈≈≈≈≈##≈')#.o.#)'≈##≈≈≈≈≈≈≈..
..≈≈≈≈≈≈≈##≈####@####≈##≈≈≈≈≈≈≈..
..≈≈≈≈≈≈≈##≈≈##∩.∩##≈≈#≈≈≈≈≈≈≈≈..
..≈≈≈≈≈≈≈≈≈≈≈##'''#≈≈##≈≈≈≈≈≈≈≈..
..≈≈≈≈≈≈≈≈≈≈≈##≈≈≈≈≈##≈≈≈≈≈≈≈≈≈..
..≈≈≈≈≈≈≈≈≈≈≈##≈≈≈≈##≈≈≈≈≈≈≈≈≈≈..
..≈≈#.##≈≈≈≈≈#######≈≈≈≈≈##.#≈≈..
..≈##.∩#≈≈≈≈≈≈≈≈≈≈≈≈≈≈≈≈≈#∩)##≈..
..≈#....≈≈≈≈≈≈≈≈≈≈≈≈≈≈≈≈≈))..#≈..
..≈##.##≈≈≈≈≈≈≈≈≈≈≈≈≈≈≈≈≈##.##≈).


You could see 2 orc knights.

Vanquished Creatures
  A two-headed ogre (D:7)
  A wizard (D:9)
  A troll (D:9)
  3 wyverns
  Sigmund (D:3)
  Eustachio (D:5)
  4 yaks (D:8)
  A water moccasin (D:7)
  11 orc warriors
  5 ice beasts
  4 black bears
  A sky beast (D:7)
  An ogre (D:6)
  A centaur (D:8)
  2 kobold brigands
  2 bullfrogs
  A necrophage (D:5)
  5 scorpions
  8 wights
  Dowan (D:4)
  6 killer bees
  5 howler monkeys
  A crimson imp (D:9)
  2 jellies
  2 gnoll boudas
  7 orc priests
  3 hounds
  An iguana (D:5)
  6 orc wizards
  Ijyb (D:3)
  Terence (D:3)
  Robin (D:2)
  11 gnolls
  14 adders
  5 river rats (Sewer)
  A shadow imp (D:5)
  A white imp (D:5)
  An ufetubus (D:5)
  2 worms (Sewer)
  4 dart slugs
  45 orcs
  20 bats
  6 endoplasms
  13 giant cockroaches
  18 goblins
  16 hobgoblins
  8 jackals
  17 kobolds
  12 quokkas
  11 ball pythons
  5 frilled lizards
  5 rats
306 creatures vanquished.

Vanquished Creatures (collateral kills)
  A cyclops (D:9)
  An orc warrior (Bailey)
2 creatures vanquished.

Vanquished Creatures (others)
  An orc wizard (D:8)
  14 fungi (D:6)
15 creatures vanquished.

Grand Total: 323 creatures vanquished

Notes
Turn   | Place    | Note
-------+----------+-------------------------------------------
     0 | D:1      | Pooter the Minotaur Fighter began the quest for the Orb.
     0 | D:1      | Reached XP level 1. HP: 19/19 MP: 0/0
    80 | D:1      | Reached skill level 3 in Axes
   130 | D:1      | Reached XP level 2. HP: 27/27 MP: 1/1
   282 | D:1      | Found a faded altar of an unknown god.
   544 | D:1      | Reached XP level 3. HP: 33/33 MP: 2/2
  1028 | D:2      | Reached skill level 4 in Axes
  1139 | D:2      | Reached skill level 1 in Ranged Weapons
  1198 | D:2      | Found an ornate altar of the Wu Jian Council.
  1281 | D:2      | Noticed Robin
  1286 | D:2      | Killed Robin
  1287 | D:2      | Reached XP level 4. HP: 39/41 MP: 3/3
  1413 | D:2      | Identified the +3 leather armour of Pegumef {Rampage}
  1550 | D:3      | Noticed Terence
  1557 | D:3      | Killed Terence
  1669 | D:3      | Reached XP level 5. HP: 47/47 MP: 4/4
  1680 | D:3      | Reached skill level 5 in Axes
  1762 | D:3      | Found a glowing drain.
  1769 | Sewer    | Entered a sewer
  2145 | Sewer    | Reached skill level 5 in Fighting
  2147 | Sewer    | Reached XP level 6. HP: 52/56 MP: 5/5
  2759 | D:3      | Noticed Sigmund
  2767 | D:3      | Killed Sigmund
  2768 | D:3      | Reached skill level 6 in Axes
  2958 | D:3      | Identified the +1 pair of boots "Veapluts" {rElec rCorr}
  3024 | D:3      | Noticed Ijyb
  3045 | D:3      | Killed Ijyb
  3046 | D:3      | Reached XP level 7. HP: 56/61 MP: 6/6
  3375 | D:4      | Found a shadowy altar of Dithmenos.
  3405 | D:4      | Found Gecimy's Jewellery Emporium.
  3704 | D:4      | Reached skill level 5 in Ranged Weapons
  3704 | D:4      | Reached skill level 1 in Evocations
  3739 | D:4      | Found a snail-covered altar of Cheibriados.
  3796 | D:4      | Found a staircase to the Ecumenical Temple.
  3800 | D:4      | Noticed Dowan
  3804 | Temple   | Entered the Ecumenical Temple
  3973 | Temple   | Became a worshipper of Makhleb the Destroyer
  3990 | D:4      | Killed Dowan
  3991 | D:4      | Reached skill level 7 in Axes
  3998 | D:4      | Noticed Duvessa
  4227 | D:4      | Found a bloodstained altar of Trog.
  4227 | D:4      | Found a shimmering blue altar of Sif Muna.
  4227 | D:4      | Found an iron altar of Okawaru.
  4814 | D:5      | Entered Level 5 of the Dungeon
  4921 | D:5      | Reached XP level 8. HP: 46/70 MP: 7/7
  4996 | D:5      | Noticed Eustachio
  5334 | D:5      | Reached * piety under Makhleb
  5353 | D:5      | Reached skill level 8 in Axes
  5498 | D:5      | Killed Eustachio
  5520 | D:5      | Found a sacrificial altar of Ru.
  6452 | D:6      | Reached skill level 9 in Axes
  6843 | D:6      | Reached XP level 9. HP: 79/79 MP: 8/8
  6846 | D:6      | Found Naarit's Assorted Antiques.
  6864 | D:6      | Bought a scroll labelled YMPORI IKOUCRY for 26 gold pieces
  7531 | D:7      | Reached skill level 1 in Invocations
  7594 | D:7      | Reached ** piety under Makhleb
  8142 | D:7      | Noticed a two-headed ogre
  8155 | D:7      | Killed a two-headed ogre
  8156 | D:7      | Reached skill level 10 in Axes
  8828 | D:8      | Reached XP level 10. HP: 75/88 MP: 11/11
  9317 | D:8      | Reached skill level 11 in Axes
  9620 | D:8      | Reached *** piety under Makhleb
 10330 | D:9      | Found a glowing silver altar of Zin.
 10428 | D:9      | Noticed a cyclops
 10457 | D:9      | Killed a cyclops
 10766 | D:9      | Noticed a wizard
 10768 | D:9      | Killed a wizard
 10769 | D:9      | Reached skill level 12 in Axes
 11092 | D:10     | Entered Level 10 of the Dungeon
 11169 | D:10     | Found a flagged portal.
 11180 | Bailey   | Entered a bailey
 12362 | Bailey   | Reached skill level 5 in Invocations
 12571 | Bailey   | Reached XP level 11. HP: 82/97 MP: 13/13
 12717 | Bailey   | Reached **** piety under Makhleb
 12814 | Bailey   | Reached skill level 16 in Axes
 12814 | Bailey   | Reached XP level 12. HP: 97/105 MP: 14/14
 12821 | Bailey   | Slain by an orc knight

Illustrated notes

Levels and vault maps discovered:
D:1:      sevenhm_arrival_forest_fort_large_4, layout_rooms,
          hellmonk_ecumenical_altar_zigzags,
          nicolae_concentric_dashed_squares_mild
D:2:      layout_rooms, basic_altar, kennysheep_generic_room_11, uniq_robin
D:3:      layout_basic, gup_sewer_entry_bubbles, uniq_terence, uniq_ijyb,
          uniq_sigmund
D:4:      minmay_wonky_spiral, layout_loops_corners,
          nicolae_dithmenos_the_darkroom, gammafunk_temple_overflow_claw,
          mainiacjoe_overflow_boulevard, minmay_temple_entry_large_hall,
          serial_shops, shop, corexii_corridor_pit,
          hangedman_decor_clover_reticule, kennysheep_generic_room_14,
          uniq_duvessa
D:5:      layout_loops_ring, mainiacjoe_overflow_six_doors_small, uniq_eustachio
D:6:      old_forge, layout_basic, serial_shops, shop_fountains,
          kennysheep_generic_room_15
D:7:      layout_basic
D:8:      layout_basic
D:9:      layout_gridville, mainiacjoe_overflow_concentric_impassable,
          lightli_wizard_tower
D:10:     cheibrodos_orc_bank, layout_loops_ring, enter_bailey_3,
          chequers_jeans, corexii_corridor_pit
Temple:   nicolae_temple_bog_church
Bailey:   bailey_polearm_2, bailey

Skill      XL: |  1  2  3  4  5  6  7  8  9 10 11 |
---------------+----------------------------------+-----
Axes           | 3 4 5 6 7 9 10 12 16 | 16.0
Fighting       | 4 5 6 7 8 9 |  9.5
Ranged Weapons | 1 2 3 4 5 7 8 9 |  9.9
Evocations     | 1 3 4 |  4.1
Invocations    | 3 5 |  5.0
Armour         | |  3.6
Shields        | |  3.6

Action                   |  1- 3 |  4- 6 |  7- 9 | 10-12 || total
-------------------------+-------+-------+-------+-------++-------
Melee: War axe           |    67 |   146 |   199 |       ||   412
       Headbutt          |     9 |    15 |    38 |    22 ||    84
       Trident           |       |    20 |       |       ||    20
       Executioner's axe |       |       |    13 |   147 ||   160
 Fire: Sling             |    16 |     8 |    75 |    40 ||   139
       Arbalest          |       |       |       |    23 ||    23
Throw: Stone             |       |       |     4 |       ||     4
       Dart              |       |       |     5 |       ||     5
Invok: Lesser Servant of |       |       |       |     3 ||     3
Evoke: Wand              |       |       |     9 |     2 ||    11
  Use: Scroll            |     4 |     4 |     9 |    11 ||    28
       Potion            |       |     3 |     2 |     3 ||     8
 Stab: Sleeping          |       |     4 |     1 |       ||     5
       Invisible         |       |     1 |       |       ||     1
Armor: Scale mail        |    48 |     8 |       |       ||    56
       Leather armour    |       |    44 |    11 |       ||    55
       Chain mail        |       |       |    80 |       ||    80
       Plate armour      |       |       |    31 |   108 ||   139
Dodge: Dodged            |    32 |    63 |    58 |    73 ||   226
Block: Buckler           |    31 |    72 |   112 |       ||   215
       Reflection        |       |     1 |     4 |    16 ||    21
       Other             |       |       |     4 |    46 ||    50

Table legend: (Time is in decaauts)
 A = Elapsed time spent in this place.
 B = Non-inter-level travel time spent in this place.
 C = Inter-level travel time spent in this place.
 D = Time resting spent in this place.
 E = Time spent auto-exploring this place.
 F = Levels seen in this place.
 G = Mean time per level.
                   A        B        C        D        E       F      G
               +--------+--------+--------+--------+--------+-----+--------+
         Total |  13207 |  12906 |    301 |   3643 |   6370 |  13 | 1015.9 |
       Dungeon |  10284 |   9999 |    285 |   2112 |   5787 |  10 | 1028.4 |
        Temple |    192 |    176 |     16 |      5 |    152 |   1 |  192.0 |
         Sewer |   1023 |   1023 |      0 |    247 |    431 |   1 | 1023.0 |
        Bailey |   1706 |   1706 |      0 |   1279 |      0 |   1 | 1706.0 |
               +--------+--------+--------+--------+--------+-----+--------+

Top non-repeatable levels by time:
  Bailey: 1706 daAuts
     D:6: 1597 daAuts
     D:4: 1575 daAuts
     D:7: 1543 daAuts
     D:9: 1292 daAuts
   Sewer: 1023 daAuts
     D:3: 988 daAuts
     D:1: 959 daAuts
     D:5: 879 daAuts
     D:8: 784 daAuts
     D:2: 567 daAuts
  Temple: 192 daAuts
    D:10: 97 daAuts
